 Dungeon Crawl Stone Soup version 0.17.0-25-gefc9c12 (webtiles) character file.

207 Raultor the Insei (level 5, 0/37 HPs)
             Began as an Octopode Monk on Nov 18, 2015.
             Slain by a sky beast (5 damage)
             ... on level 3 of the Dungeon.
             The game lasted 00:05:20 (2175 turns).

Raultor the Insei (Octopode Monk)                   Turns: 2175, Time: 00:05:20

Health: 0/37       AC:  1    Str: 10    XL:     5   Next: 85%
Magic:  5/5        EV: 14    Int: 14    God:
Gold:   215        SH:  0    Dex: 14    Spells: 0 memorised, 4 levels left

rFire  . . .     SeeInvis .       - Unarmed
rCold  . . .     Clarity  .     (no shield)
rNeg   . . .     SustAt   .     (helmet restricted)
rPois  .         Gourm    +     d - amulet of the gourmand
rElec  .         Spirit   .     (no ring)
rCorr  .         Warding  .     (no ring)
rMut   .         Stasis   .     (no ring)
MR     .....                    (no ring)
Stlth  +++.......               (no ring)
                                (no ring)
                                (no ring)
                                (no ring)

@: not resistant to hostile enchantments, fairly stealthy
A: almost no armour, amphibious, 8 rings, constrict 8, camouflage 1, gelatinous
body 1
a: no special abilities


You were on level 3 of the Dungeon.
You were very full.

You visited 1 branch of the dungeon, and saw 3 of its levels.

You collected 215 gold pieces.

Inventory:

Jewellery
 d - an amulet of the gourmand (around mantle)
 q - an uncursed amulet of warding {unknown}
Scrolls
 c - 2 scrolls of magic mapping {unknown}
 f - 2 scrolls of enchant weapon {unknown}
 g - 3 scrolls of teleportation {unknown}
 i - a scroll of recharging {unknown}
 l - a scroll of amnesia {unknown}
 n - a scroll of immolation {unknown}
 o - a scroll of enchant armour {unknown}
Potions
 b - a potion of lignification {unknown}
 e - 3 potions of curing {unknown}
 j - a potion of heal wounds {unknown}
 k - a potion of mutation {unknown}
 p - a potion of ambrosia {unknown}
Comestibles
 a - 6 bread rations
 h - 3 fruits
 m - a slice of pizza


   Skills:
 + Level 4.0 Fighting
 + Level 4.5 Dodging
 - Level 2.6 Stealth
 + Level 5.2 Unarmed Combat


You had 4 spell levels left.
You didn't know any spells.

Dungeon Overview and Level Annotations

Branches:
Dungeon (3/15)

Altars:

Annotations:
D:3 exclusion: 2 doors


Innate Abilities, Weirdness & Mutations

You cannot wear most types of armour.
You are amphibious.
You can wear up to eight rings at the same time.
You can use your tentacles to constrict eight enemies at once.
Your skin changes colour to match your surroundings (Stealth).
Your rubbery body absorbs attacks (AC +1).


Message History

The sky beast is lightly wounded.
The sky beast completely misses you.
You completely miss the sky beast. Your squeeze misses the sky beast.
The sky beast is lightly wounded.
The sky beast barely misses you.
You closely miss the sky beast. Your squeeze misses the sky beast.
The sky beast is lightly wounded.
The sky beast hits you.
* * * LOW HITPOINT WARNING * * *
The sky beast shocks you.
* * * LOW HITPOINT WARNING * * *
You tentacle-slap the sky beast.
You tentacle-slap the sky beast, but do no damage.
The sky beast is lightly wounded.
The sky beast flickers out of sight!
Deactivating autopickup; reactivate with Ctrl-A.
Something hits you.
* * * LOW HITPOINT WARNING * * *
Something shocks you.
You die...

#..........# #.#
#........#.##
#.#
#........#..#
#.#
#........##.#
#.#
#........##.##
#.#
#........##..#
#.# ##.# #.#
###.###.#######
#......@.......
#.##.##{#######
#. #.##.# #
#..#.# ##†#.#
#.#.# #.#.#
#...#
#...o...........


There were no monsters in sight!

Vanquished Creatures
  The ghost of Ohshi the Slinger, an amateur HaHu (D:3)
  2 adders (D:2)
  An ooze (D:3)
  A worm (D:3)
  A giant gecko (D:1)
  5 bats
  3 giant cockroaches
  7 goblins
  5 hobgoblins
  11 jackals
  15 kobolds
  3 giant newts
  7 rats
62 creatures vanquished.

Notes
Turn   | Place    | Note
--------------------------------------------------------------
     0 | D:1      | Raultor the Octopode Monk began the quest for the Orb.
     0 | D:1      | Reached XP level 1. HP: 16/16 MP: 1/1
    44 | D:1      | Reached XP level 2. HP: 18/21 MP: 2/2
   636 | D:1      | Reached XP level 3. HP: 19/26 MP: 3/3
  1354 | D:2      | Reached XP level 4. HP: 25/31 MP: 4/4
  1976 | D:3      | Noticed a sky beast
  2024 | D:3      | Noticed Ohshi's ghost (amateur HaHu)
  2057 | D:3      | Killed Ohshi's ghost
  2057 | D:3      | Reached skill level 5 in Unarmed Combat
  2057 | D:3      | Reached XP level 5. HP: 25/37 MP: 5/5
  2175 | D:3      | Slain by a sky beast

Action                   |  1- 3 |  4- 6 || total
-------------------------+-------+-------++-------
Melee: Unarmed           |    94 |    47 ||   141
 Stab: Sleeping          |     7 |     1 ||     8
  Eat: Chunk             |    10 |     4 ||    14
